Map: Lost and Found LE

Players

MaRC - Winner!

  • Race: Protoss Protoss
  • League: Platinum
  • Spawn Location: 1:00

ILIEKEGGPIE

  • Race: Zerg Zerg
  • League: Platinum
  • Spawn Location: 7:00

VOD

Have the link to the VOD?

Description

Time

  • Played on: June 6, 2018, 11:21 a.m.
  • Length: 7:05
Show
View Real Time Build Order
Export as new Build Order

MaRC Protoss - Winner!

Build Orders:  

Get SALT Encoding   

  12  0:07  Probe  
  13  0:29  Pylon  
  13  0:31  Probe  
  14  0:43  Probe  
  14  0:48  Pylon  
  15  0:55  Probe  
  16  1:07  Gateway, Probe  
  16  1:08  Gateway  
  17  1:19  Gateway  
  17  1:32  Gateway  
  17  1:38  Probe  
  18  1:45  Pylon  
  18  1:50  Probe  
  21  1:54  Zealot  
  21  1:56  Zealot  
  23  2:06  Zealot  
  25  2:13  Zealot  
  25  2:15  Zealot  
  29  2:23  Zealot  
  31  2:33  Zealot  
  31  2:36  Zealot  
  33  2:38  Zealot  
  35  3:08  Zealot x2  
  35  3:10  Zealot  
  39  3:13  Zealot  
  39  3:15  Pylon  
  37  3:26  Zealot  
  35  3:27  Zealot  
  31  3:37  Zealot  
  31  3:40  Zealot  
  35  3:53  Zealot  
  35  3:54  Zealot  
  39  4:04  Zealot  
  39  4:07  Zealot  
  43  4:12  Zealot  
  41  4:21  Zealot  
  45  4:31  Zealot  
  47  4:46  Zealot  
  47  4:51  Zealot  
  47  4:54  Forge  
  47  5:05  Zealot  
  46  5:28  Photon Cannon  
  46  5:44  Zealot  
  47  6:05  Zealot  
  47  6:06  Zealot  
  45  6:21  Zealot  
  47  7:00  Nexus  
Show
View Real Time Build Order
Export as new Build Order

ILIEKEGGPIE Zerg 

Build Orders: Pool First 

Get SALT Encoding   

  12  0:03  Drone  
  13  0:13  Overlord  
  13  0:19  Drone  
  14  0:31  Drone  
  14  0:32  Drone  
  16  0:42  Drone  
  17  0:49  Spawning Pool  
  16  0:50  Drone  
  17  0:58  Drone  
  18  1:08  Extractor  
  17  1:19  Hatchery, Drone  
  17  1:28  Drone  
  17  1:32  Drone  
  19  1:37  Queen  
  21  1:41  Overlord  
  21  1:52  Drone  
  22  2:02  Drone  
  23  2:15  Queen  
  23  2:18  Metabolic Boost  
  25  2:27  Spine Crawler  
  25  2:33  Drone  
  25  2:36  Spine Crawler  
  25  2:38  Zergling x2  
  25  2:39  Zergling x2  
  27  2:52  Zergling x4  
  29  3:10  Zergling x6  
  22  3:21  Zergling x6  
  22  3:26  Hatchery  
  16  3:54  Zergling x2  
  16  3:55  Zergling x4  
  17  4:18  Drone  
  17  4:19  Drone  
  17  4:22  Drone  
  17  4:23  Drone  
  18  4:49  Zergling x2  
  18  4:50  Zergling x4  
  15  4:57  Zergling x2  
  15  4:58  Zergling x2  
  12  5:34  Drone  
  12  5:35  Drone  
  14  5:57  Spawning Pool  
  12  6:48  Extractor  
Tags
 
Matchup
PvZ
Opening
Pool First
Replay Pack
Multi
Spawn Locations
Cross Positions
Add a new tag
Caveats
  • Supply blocks, unpowered buildings, or Contaminate may cause inaccurate times.
  • Supply counts are checked every 10 seconds.